[Event "Team 45 45 League T79"]
[Site "Internet Chess Club"]
[Date "2019.01.10"]
[Round "3"]
[White "Balderdash"]
[Black "BrerRabbit"]
[Result "0-1"]
[WhiteElo "1226"]
[BlackElo "1348"]
[Opening "Pirc defense"]
[ECO "B07"]
[Time "19:00:43"]
[TimeControl "2700+45"]

1. e4 d6 2. d4 Nf6 3. Nc3 e5 4. d5 c6 5. Bc4 cxd5 6. Nxd5 Nxe4 7. Nf3 Nc6 8. Qd3
Nf6 9. Bg5 Be7 10. Nxe7 Nxe7 11. Qb3 O-O 12. Bxf6 gxf6 13. O-O-O Qc7 14. Rd2 Bf5
15. Nh4 Be4 16. Qg3+ Kh8 17. Bd3 Bxd3 18. Qxd3 d5 19. f3 Rg8 20. Rhd1 d4 21. Nf5
Nxf5 22. Qxf5 Qc6 23. g3 Rac8 24. Qd3 a6 25. Re1 Qc4 26. b3 Qxd3 27. Rxd3 Rc6
28. Re4 Rgc8 29. Re2 Rc3 30. Rxc3 Rxc3 31. Rd2 Rxf3 32. a4 Rc3 33. g4 Kg7 34. h4
Rh3 35. h5 Kh6 36. Rg2 Kg5 37. Kd2 Re3 38. a5 Kf4 39. Rf2+ Rf3 40. Rg2 Rg3 41.
Rf2+ Rf3 42. Rg2 h6 43. b4 Ke4 44. Re2+ Kd5 45. Re1 Ke6 46. Re4 Rg3 47. Ke2 Kd5
48. Kf2 Kxe4 49. Kxg3 Ke3 50. Kg2 Kd2 51. Kf3 Kxc2 52. Ke4 d3 53. Kf5 d2 54.
Kxf6 d1=Q 55. Kxf7 Qxg4 56. Ke7 Qxb4+ 57. Kf6 e4 58. Kg6 e3 59. Kxh6 e2 60. Kg7
e1=Q 61. h6 Qbe7+ 62. Kg6 Q1e6+ 63. Kh5 Q7f7+ 64. Kh4 Qef6+ 65. Kg4 Qg8+ 66. Kh5
Qfg5# {White checkmated} 0-1

[Event "Team 45 45 League T79"]
[Site "Internet Chess Club"]
[Date "2019.01.14"]
[Round "3"]
[White "OGO"]
[Black "Andaluz"]
[Result "1-0"]
[WhiteElo "1294"]
[BlackElo "1237"]
[Opening "QGD Slav defense"]
[ECO "D10"]
[Time "14:00:45"]
[TimeControl "2700+45"]

1. d4 d5 2. c4 c6 3. Nc3 Nf6 4. b3 e6 5. Bb2 Bb4 6. Qc2 Ne4 7. a3 Bxc3+ 8. Bxc3
Nxc3 9. Qxc3 Nd7 10. e3 dxc4 11. Bxc4 b5 12. Bd3 Bb7 13. d5 cxd5 14. Qxg7 Qf6
15. Qxf6 Nxf6 16. Nf3 a6 17. O-O Rc8 18. Rfc1 Ke7 19. Ne5 Kd6 20. Nxf7+ {Black
resigns} 1-0

[Event "Team 45 45 League T79"]
[Site "Internet Chess Club"]
[Date "2019.01.12"]
[Round "3"]
[White "SeniorCitizen"]
[Black "stantheman59"]
[Result "1/2-1/2"]
[WhiteElo "1252"]
[BlackElo "1194"]
[Opening "Danish gambit"]
[ECO "C21"]
[Time "15:06:51"]
[TimeControl "2700+45"]

1. e4 e5 2. d4 exd4 3. c3 dxc3 4. Bc4 Bc5 5. Nf3 Nf6 6. Nxc3 Ng4 7. O-O c6 8. h3
Nxf2 9. Rxf2 Bxf2+ 10. Kxf2 O-O 11. Qb3 b5 12. Bd3 d6 13. Qc2 b4 14. Ne2 Ba6 15.
Bxa6 Nxa6 16. Qxc6 Nc7 17. Bf4 Ne8 18. Rc1 Qb6+ 19. Qxb6 axb6 20. Rc6 Rxa2 21.
Rxb6 Rxb2 22. Bd2 b3 23. Bc3 Rb1 24. Ned4 Nf6 25. Ke3 Re8 26. Nd2 Nd5+ 27. Kd3
Nxb6 28. Nxb1 b2 29. Bxb2 d5 30. Nd2 dxe4+ 31. Nxe4 Rd8 32. Bc1 f5 33. Ng5 Rc8
34. Bf4 Nd5 35. Bd2 h6 36. Nge6 Kf7 37. Nf4 Nxf4+ 38. Bxf4 g5 39. Be5 Rd8 40. g3
Rd5 41. Bb8 Kg6 42. g4 fxg4 43. hxg4 h5 44. gxh5+ Kxh5 45. Ke4 Rd8 46. Be5 Kg4
47. Ne6 Re8 48. Nxg5 Kxg5 49. Kd5 Kf5 50. Bd6 Rd8 51. Kc6 Ke6 52. Bg3 Rd3 53.
Bh2 Rc3+ 54. Kb5 Kd5 55. Kb4 Rc8 56. Bg1 Rc1 57. Be3 Rc8 {Game drawn by mutual
agreement} 1/2-1/2

[Event "Team 45 45 League T79"]
[Site "Internet Chess Club"]
[Date "2019.01.12"]
[Round "3"]
[White "pagliaci"]
[Black "olivermx"]
[Result "1-0"]
[WhiteElo "1226"]
[BlackElo "1136"]
[Opening "Giuoco Piano"]
[ECO "C54"]
[Time "16:01:12"]
[TimeControl "2700+45"]

1. e4 e5 2. Nf3 Nc6 3. Bc4 Bc5 4. c3 Nf6 5. d4 exd4 6. cxd4 Bb4+ 7. Bd2 Bxd2+ 8.
Nbxd2 d6 9. Qb3 Qe7 10. O-O O-O 11. Qe3 h6 12. Rfe1 Bd7 13. e5 dxe5 14. dxe5 Ng4
15. Qf4 Rfe8 16. e6 Bxe6 17. Bxe6 fxe6 18. Qxg4 Qf6 19. b3 Rad8 20. Rad1 Rd6 21.
Ne4 {Black resigns} 1-0